AoeStats
← treetoptony

MegaRandom

510682735Analyzed
2v2 RM · 11h ago on Oct 2, 2026· 32m 7s· 4 players
Game mode
Random Map
Map size
Medium (4 player)
Population
200
Speed
Normal
Resources
Standard
Victory
Conquest
Starting age
Dark Age
Ending age
Imperial Age
RankedLock teamsTeams togetherTeam positionsShared explorationLock speedFull tech treeHidden civsTurbo modeCheats
Victory
Defeat
🇨🇴 Armenians · Colombia
1122
+14
🇺🇸 Huns · United States
1098
+16
🇺🇸 Hindustanis · United States
1199
-19
🇺🇸 Mongols · United States
975
-11
Quilted Codpiece
0:28 Loom
8:54 Feudal Age
10:26 Double-Bit Axe
12:55 Fletching
18:03 Castle Age
17:25 Horse Collar
19:24 Wheelbarrow
18:46 Bodkin Arrow
19:33 Gold Mining
19:53 Town Watch
20:18 Husbandry
20:28 Bloodlines
21:19 Ballistics
24:14 Thumb Ring
26:21 Padded Archer Armor
29:46 Hand Cart
29:52 Leather Archer Armor
31:50 Bow Saw
NWII_WAR_OmniManco
6:01 Loom
9:05 Feudal Age
9:38 Double-Bit Axe
11:03 Wheelbarrow
9:50 Man-at-Arms
10:43 Forging
10:40 Long Swordsman
13:51 Town Watch
13:57 Arson
16:34 Scale Mail Armor
20:45 Castle Age
18:09 Pikeman
19:18 Horse Collar
19:29 Gold Mining
20:47 Two-Handed Swordsman
21:40 Bow Saw
22:18 Iron Casting
21:50 Gambesons
22:25 Squires
25:27 Chain Mail Armor
29:22 Fletching
30:08 Gold Shaft Mining
29:25 Stone Mining
30:44 Hand Cart
31:38 Bodkin Arrow
32:29 Town Patrol
treetoptony
0:35 Loom
9:40 Feudal Age
13:59 Castle Age
12:42 Scale Barding Armor
12:48 Forging
12:23 Horse Collar
12:35 Double-Bit Axe
13:31 Scale Barding Armor
13:25 Gold Mining
15:07 Wheelbarrow
15:34 Bloodlines
22:15 Bow Saw
22:48 Husbandry
24:56 Squires
26:21 Ballistics
27:00 Fervor
27:49 Hand Cart
27:19 Town Watch
30:32 Chain Barding Armor
DressComic11760
0:33 Loom
9:41 Feudal Age
15:22 Castle Age
13:47 Bloodlines
14:42 Town Watch
15:18 Double-Bit Axe
16:24 Light Cavalry
19:28 Forging
21:58 Elite Skirmisher
23:45 Husbandry
26:03 Fletching
26:17 Town Patrol
27:52 Wheelbarrow
28:20 Bodkin Arrow
30:07 Stone Mining
30:09 Gold Mining
30:33 Bow Saw
31:00 Ballistics
31:51 Thumb Ring
Connection lost

Rejoining the realm…

Still unreachable

The connection could not be restored.

Session expired

The server has moved on; the page needs a fresh start.